 Dungeon Sprint DCSS version 0.21-a0-203-gb066a6e (webtiles) character file.

264 KristoblXynda the Sneak (level 5, -1/38 HPs)
             Began as a Draconian Enchanter on Aug 19, 2017.
             Slain by a slime creature (17 damage)
             ... in the Dungeon (Sprint I: "Red Sonja").
             The game lasted 00:01:15 (480 turns).

KristoblXynda the Sneak (Draconian Enchanter)        Turns: 480, Time: 00:01:15

Health: -1/38      AC:  5    Str: 10    XL:     5   Next: 98%
Magic:  10/13      EV: 12    Int: 17    God:
Gold:   162        SH:  0    Dex: 11    Spells: 10/16 levels left

rFire    . . .     SeeInvis .   a - +1 dagger
rCold    . . .     Gourm    .   (no shield)
rNeg     . . .     Faith    .   (armour unavailable)
rPois    .         Spirit   .   (helmet restricted)
rElec    .         Reflect  .   (no cloak)
rCorr    .         Harm     .   (no gloves)
MR       .....     NoTele   +   (no boots)
Stlth    +++.......             (no amulet)
HPRegen  0.12/turn              (no ring)
MPRegen  0.13/turn              (no ring)

@: no status effects
A: unfitting armour, cold-blooded, AC +5
a: no special abilities


You were in the Dungeon.
You were not hungry.

You visited 1 branch You collected 162 gold pieces.

Inventory:

Hand Weapons
 a - a +1 dagger (weapon)
Scrolls
 i - a scroll of blinking
Potions
 d - a potion of curing
 e - a potion of heal wounds
 f - a potion of haste
 g - 2 potions of magic
Books
 b - a book of Maledictions

   Spells                             Type                      Level
   a - Corona                         Hexes                        1
   b - Ensorcelled Hibernation        Hexes/Ice                    2
   c - Confuse                        Hexes                        3
   d - Tukima's Dance                 Hexes                        3
   e - Dazzling Spray                 Conjuration/Hexes            3
Comestibles
 c - a bread ration


   Skills:
 + Level 4.2 Short Blades
 - Level 1.7 Dodging
 + Level 7.3 Stealth
 + Level 6.4 Spellcasting
 + Level 6.7 Hexes


You had 10 spell levels left.
You knew the following spells:

 Your Spells              Type           Power        Failure   Level  Hunger
a - Corona                Hex            ####...      1%          1    None
b - Ensorcelled Hibernat  Hex/Ice        ###...       4%          2    None
c - Confuse               Hex            ####....     2%          3    ##.....


Dungeon Overview and Level Annotations

Branches:
Dungeon (1/1)

Altars:
Makhleb
Xom
Jiyva
Lugonu


Innate Abilities, Weirdness & Mutations

Your plain brown scales are hard. (AC +5)
You cannot fit into any form of body armour.
You are cold-blooded and may be slowed by cold attacks.


Message History

You now have 162 gold pieces (gained 27).
You start resting.
Magic restored.
You open the door.
A slime creature comes into view.
Found four altars.
The slime creature quivers.
There is an open door here.
You completely miss the slime creature. The slime creature hits you.
You hit the slime creature but do no damage.
The slime creature hits you!!
Ouch! That really hurt!
Casting: Ensorcelled Hibernation
Confirm with . or Enter, or press ? or * to list all spells.
Aiming: Confuse
Press: ? - help, Shift-Dir - straight line, f - slime creature
Aim: a slime creature (chance to defeat MR: 39%)
The slime creature appears confused.
The slime creature hits you!
You die...

###################
#<.#..'..#.)'..#__#
#..').#.)'..#..'@.+
#..#####'#####+#_J#
#..# #..# #### #..#
#### #..# #⌠⌠# ####


You could see a slime creature (confused).

Vanquished Creatures
  Sigmund (D)
  An ogre (D)
  Ijyb (D)
3 creatures vanquished.

Notes
Turn   | Place    | Note
-------+----------+-------------------------------------------
     0 | D        | KristoblXynda the Draconian Enchanter began the quest for the Orb.
     0 | D        | Reached XP level 1. HP: 14/14 MP: 3/3
     3 | D        | Noticed Ijyb
    19 | D        | Killed Ijyb
    19 | D        | Reached skill level 4 in Stealth
    19 | D        | Reached XP level 2. HP: 12/20 MP: 3/6
   203 | D        | Learned a level 2 spell: Ensorcelled Hibernation
   207 | D        | Noticed an ogre
   213 | D        | Killed an ogre
   213 | D        | Reached skill level 5 in Stealth
   213 | D        | Reached skill level 5 in Spellcasting
   213 | D        | Reached skill level 5 in Hexes
   213 | D        | Reached XP level 3. HP: 7/26 MP: 4/9
   213 | D        | Reached XP level 4. HP: 9/33 MP: 4/11
   431 | D        | Learned a level 3 spell: Confuse
   438 | D        | Noticed Sigmund
   445 | D        | Killed Sigmund
   445 | D        | Reached skill level 7 in Stealth
   445 | D        | Reached XP level 5. HP: 38/38 MP: 9/13
   475 | D        | Found a burning altar of Makhleb.
   475 | D        | Found a viscous altar of Jiyva.
   475 | D        | Found a shimmering altar of Xom.
   475 | D        | Found a corrupted altar of Lugonu.
   475 | D        | Noticed a slime creature
   480 | D        | Slain by a slime creature

Vault maps used:
D:        dungeon_sprint_1

Skill      XL: |  1  2  3  4 |
---------------+-------------+-----
Stealth        | 4 5 7 |  7.3
Spellcasting   | 3 5 6 |  6.4
Hexes          | 4 5 6 |  6.7
Short Blades   | 4 |  4.2
Dodging        | |  1.7

Action                   |  1- 3 |  4- 6 || total
-------------------------+-------+-------++-------
Melee: Dagger            |    17 |     6 ||    23
       Tailslap          |     2 |     1 ||     3
 Cast: Ensorcelled Hiber |     1 |     1 ||     2
       Confuse           |       |     1 ||     1
  Use: Potion            |     1 |       ||     1
 Stab: Sleeping          |     2 |     2 ||     4
Armor: Skin              |     2 |       ||     2
Dodge: Dodged            |     5 |     2 ||     7
